 Dungeon Crawl Stone Soup version 0.31.0-12-g77e489cdc1 (webtiles) character file.

Game seed: 8273796115172351137

46 NotreDorf the Grave Robber (level 3, -1/24 HPs)
             Began as a Mummy Necromancer on Feb 11, 2024.
             Slain by Sigmund
             ... wielding a +5 scythe of flaming
              (9 damage)
             ... on level 2 of the Dungeon.
             The game lasted 00:05:13 (1259 turns).

NotreDorf the Grave Robber (Mummy Necromancer)      Turns: 1259, Time: 00:05:14

Health: -1/24      AC:  3    Str: 11    XL:     3   Next: 44%
Magic:  4/8        EV: 12    Int: 16    God:
Gold:   21         SH:  0    Dex: 12    Spells: 8/9 levels left

rFire   x . .        e - +0 dagger (elec)
rCold   + . .        (no shield)
rNeg    + + +        a - +0 robe
rPois   ∞            (no helmet)
rElec   .            (no cloak)
rCorr   .            (no gloves)
SInv    .            c - +0 pair of boots
Will    .....        (no amulet)
Stlth   ++           (no ring)
HPRegen 0.24/turn    (no ring)
MPRegen 0.11/turn

%: faith
@: very slightly contaminated
A: cold resistance 1, negative energy resistance 3, torment resistance 2, heat
vulnerability 1, in touch with death 1, no potions, faith
a: no special abilities


You were on level 2 of the Dungeon.
You visited 1 branch of the dungeon, and saw 2 of its levels.

You collected 21 gold pieces.

Inventory:

Hand Weapons
 d - a +0 mace
 e - a +0 dagger of electrocution (weapon)
Armour
 a - a +0 robe (worn)
 c - a +0 pair of boots (worn)
Scrolls
 b - a scroll of noise {unknown}
 f - a scroll of vulnerability {unknown}
 g - a scroll of fog {unknown}
 h - a scroll of identify {unknown}


   Skills:
 + Level 2.3 Dodging
 - Level 1.5 Stealth
 + Level 3.5 Spellcasting
 + Level 4.4 Necromancy


You had 8 spell levels left.
You knew the following spells:

 Your Spells              Type           Power      Damage    Failure   Level
a - Necrotise             Necr           100%       1d9       3%          1

Your spell library contained the following spells:

 Spells                   Type           Power      Damage    Failure   Level
 Vampiric Draining        Necr           25%        2d7       9%          3
 Animate Dead             Necr           25%        N/A       28%         4
 Dazzling Flash           Conj/Hex       4%         N/A       47%         3
 Mephitic Cloud           Conj/Alch/Air  2%         N/A       47%         3
 Curse of Agony           Necr           25%        N/A       63%         5
 Silence                  Hex/Air        1%         N/A       99%         5


Dungeon Overview and Level Annotations

Branches:
Dungeon (2/15)

Altars:

Annotations:
D:2 Sigmund


Innate Abilities, Weirdness & Mutations

You are immune to poison.
Your flesh is cold resistant. (rC+)
You are immune to negative energy. (rN+++)
You are immune to unholy pain and torment.
You are vulnerable to heat. (rF-)
You are in touch with the powers of death.
You do not drink.
You have a special connection with the divine. (Faith)


Message History

The dead are walking!
Magic restored.
Your frilled lizard skeleton crumbles into dust!
Sigmund the Dreaded comes into view.
He is wielding a +5 scythe of flaming.
Found a scroll labelled CIEGAE AJEL.
Casting: Necrotise (safe; 3% risk of failure)
Confirm with . or Enter, or press ? or * to list all spells.
Aiming: Necrotise (safe; 3% risk of failure)
Press: ? - help, Shift-Dir - straight line, f - Sigmund
Aim: Sigmund, wielding a +5 scythe of flaming and wearing a +0 robe (asleep, chance to affect: 88%)
You feel a surge of power!
Sigmund shouts!
Sigmund writhes in agony.
Casting: Necrotise (safe; 3% risk of failure)
Confirm with . or Enter, or press ? or * to list all spells.
Aiming: Necrotise (safe; 3% risk of failure)
Press: ? - help, Shift-Dir - straight line, f/p - Sigmund
Aim: Sigmund, wielding a +5 scythe of flaming and wearing a +0 robe (lightly wounded, chance to affect: 88%)
You feel a surge of power!
Sigmund writhes in agony.
Casting: Necrotise (safe; 3% risk of failure)
Confirm with . or Enter, or press ? or * to list all spells.
Aiming: Necrotise (safe; 3% risk of failure)
Press: ? - help, Shift-Dir - straight line, f/p - Sigmund
Aim: Sigmund, wielding a +5 scythe of flaming and wearing a +0 robe (lightly wounded, chance to affect: 88%)
You feel a surge of power!
You miscast Necrotise.
You are very lightly contaminated with residual magic.
Nothing appears to happen.
Sigmund casts a spell at you. The magic dart hits you.
Casting: Necrotise (safe; 3% risk of failure)
Confirm with . or Enter, or press ? or * to list all spells.
Aiming: Necrotise (safe; 3% risk of failure)
Press: ? - help, Shift-Dir - straight line, f/p - Sigmund
Aim: Sigmund, wielding a +5 scythe of flaming and wearing a +0 robe (lightly wounded, chance to affect: 88%)
You feel a surge of power!
Sigmund writhes in agony.
Sigmund gestures wildly while chanting.
Sigmund flickers and vanishes!
Deactivating autopickup; reactivate with Ctrl-A.
Something hits you! Something burns you!
You die...

.. .# ?# .## ..
.# #####{# ##
#..@..##...
#.####.#........#
#................
#######.......#.#
#.......# #
#.......#
#.^.....#
#.......#
#.......#


There were no monsters in sight!

Vanquished Creatures
  A gnoll (D:1)
  3 ball pythons (D:1)
  3 bats (D:1)
  3 endoplasms (D:1)
  7 goblins (D:1)
  2 hobgoblins (D:1)
  2 quokkas (D:1)
  2 frilled lizards
  5 kobolds (D:1)
  3 rats (D:1)
31 creatures vanquished.

Notes
Turn   | Place    | Note
-------+----------+-------------------------------------------
     0 | D:1      | NotreDorf the Mummy Necromancer began the quest for the
                  | Orb.
     0 | D:1      | Reached XP level 1. HP: 13/13 MP: 4/4
   176 | D:1      | Reached XP level 2. HP: 19/19 MP: 0/6
   451 | D:1      | Reached XP level 3. HP: 24/24 MP: 4/7
  1252 | D:2      | Noticed Sigmund
  1259 | D:2      | Slain by Sigmund

Illustrated notes

Levels and vault maps discovered:
D:1:      sevenhm_arrival_forest_fort_large_2, layout_basic
D:2:      layout_basic, ebering_ecumenical_altar_hall, uniq_sigmund

Skill      XL: |  1 |
---------------+----+-----
Dodging        | 2 |  2.3
Spellcasting   | 3 |  3.5
Stealth        | |  1.5
Necromancy     | |  4.4

Action                     || total
---------------------------++-------
  Melee: Dagger            ||     9
   Cast: Necrotise         ||    43
   Stab: Distracted        ||     1
 Armour: Robe              ||     5
  Dodge: Dodged            ||     9
